 Dungeon Crawl Stone Soup version 0.29-a0-330-g52719c12eb (webtiles) character file.

Game seed: 3797699269711168805

3377 drugrobin the Cleaver (level 9, -27/71 (80) HPs)
             Began as a Demigod Fighter on Apr 13, 2022.
             Blown up by a great orb of eyes (37 damage)
             ... with a mindburst bolt
             ... in a bailey.
             The game lasted 00:18:24 (8246 turns).

drugrobin the Cleaver (Demigod Fighter)             Turns: 8246, Time: 00:18:26

HP:   -27/71 (80)   AC: 15    Str: 29    XL:     9   Next: 46%
MP:   11/11         EV:  8    Int: 12    God:
Gold: 370           SH:  4    Dex: 13    Spells: 8/8 levels left

rFire   . . .      SeeInvis +   d - +0 broad axe
rCold   + . .      Faith    .   c - +0 buckler
rNeg    . . .      Spirit   .   i - +0 chain mail
rPois   +          Reflect  .   D - +0 helmet
rElec   .          Harm     .   x - +0 cloak
rCorr   .          Rampage  .   l - +0 pair of gloves
Will    .....                   q - +2 pair of boots "Gafiafe" {rPois Int+2 Stlth-}
Stlth   ..........              (no amulet)
HPRegen 0.21/turn               s - ring of protection from cold
MPRegen 0.12/turn               K - ring of see invisible

@: about to teleport, heavily drained
A: high MP 1, forlorn, divine attributes
a: no special abilities


You were in a bailey.
You visited 1 branch of the dungeon, and saw 7 of its levels.
You also visited: Bailey.

You collected 370 gold pieces.

Inventory:

Hand Weapons
 a - a +0 war axe
 b - a +0 hunting sling
 d - a +0 broad axe (weapon)
 C - a +0 battleaxe
Missiles
 g - 6 poisoned darts
 y - a javelin
 A - 9 boomerangs (quivered)
Armour
 c - a +0 buckler (worn)
 i - a +0 chain mail (worn)
 l - a +0 pair of gloves (worn)
 q - the +2 pair of boots "Gafiafe" (worn) {rPois Int+2 Stlth-}
   (You found it on level 2 of the Dungeon)

   Int:       It affects your intelligence (+2).
   rPois:     It protects you from poison.
   Stlth:     It makes you less stealthy.
 x - a +0 cloak (worn)
 D - a +0 helmet (worn)
Jewellery
 s - a ring of protection from cold (left hand)
 z - a ring of wizardry
 K - a ring of see invisible (right hand)
Wands
 H - a wand of polymorph (4)
 I - a wand of digging (7)
Scrolls
 j - a scroll of blinking {unknown}
 m - a scroll of teleportation
 t - 2 scrolls of enchant weapon {unknown}
 u - a scroll of torment {unknown}
 v - 6 scrolls of identify
 w - a scroll of fog {unknown}
 B - 2 scrolls of vulnerability {unknown}
 F - a scroll of immolation {unknown}
 G - a scroll of magic mapping {unknown}
Potions
 e - a potion of ambrosia {unknown}
 f - a potion of attraction {unknown}
 h - a potion of heal wounds
 k - a potion of lignification {unknown}
 n - 2 potions of berserk rage {unknown}
 o - 2 potions of degeneration {unknown}
 p - 2 potions of flight {unknown}
 r - 5 potions of curing {unknown}
 E - 2 potions of haste {unknown}
 J - a potion of might


   Skills:
 + Level 7.7 Fighting
 * Level 10.3 Axes
 - Level 2.6 Armour
 - Level 2.6 Shields
 + Level 2.6 Evocations


You had 8 spell levels left.
You didn't know any spells.
Your spell library contained the following spells:

 Spells                   Type           Power      Damage    Failure   Level
 Animate Skeleton         Necr           0%         N/A       94%         1
 Apportation              Tloc           0%         N/A       94%         1
 Pain                     Necr           0%         1d4       94%         1
 Summon Small Mammal      Summ           0%         N/A       94%         1
 Corpse Rot               Necr/Air       0%         N/A       98%         2
 Ensorcelled Hibernation  Hex/Ice        0%         N/A       98%         2
 Poisonous Vapours        Pois/Air       0%         N/A       98%         2
 Dazzling Flash           Conj/Hex       0%         N/A       100%        3
 Spider Form              Tmut/Pois      0%         N/A       100%        3
 Vampiric Draining        Necr           0%         2d6       100%        3
 Airstrike                Air            0%         N/A       100%        4
 Anguish                  Hex/Necr       0%         N/A       100%        4
 Iskenderun's Mystic Bla  Conj/Tloc      0%         2d3       100%        4
 Summon Lightning Spire   Summ/Air       0%         N/A       100%        4
 Lightning Bolt           Conj/Air       0%         1d11      100%        5
 Starburst                Conj/Fire      0%         6d3       100%        6


Dungeon Overview and Level Annotations

Branches:
Dungeon (7/15)             Temple (0/1) D:5          Bailey (1/1)


Innate Abilities, Weirdness & Mutations

You have an increased reservoir of magic. (+10% MP)
You shall have no god before yourself.
Your divine heritage dramatically boosts your attributes as you level up.


Message History

Aiming: Polymorph
Press: ? - help, Shift-Dir - straight line, f/p - orc warlord
Aim: an orc warlord, wielding a +1 war axe of flaming and wearing a +0 plate armour (will become a great orb of eyes, a fire giant, or a catoblepas, chance to affect: 22%)
The orc warlord resists with almost no effort.
The orc warlord hits you with a +1 war axe of flaming!
The orc warlord burns you.
Unknown command.
Aiming: Polymorph
Press: ? - help, Shift-Dir - straight line, f/p - orc warlord
Aim: an orc warlord, wielding a +1 war axe of flaming and wearing a +0 plate armour (will become a great orb of eyes, a fire giant, or a catoblepas, chance to affect: 22%)
The orc warlord resists with almost no effort.
The orc warlord hits you with a +1 war axe of flaming!!
The orc warlord burns you.
* * * LOW HITPOINT WARNING * * *
Unknown command.
Unknown command.
Aiming: Polymorph
Press: ? - help, Shift-Dir - straight line, f/p - orc warlord
Aim: an orc warlord, wielding a +1 war axe of flaming and wearing a +0 plate armour (will become a great orb of eyes, a fire giant, or a catoblepas, chance to affect: 22%)
The orc warlord evaporates and reforms as a great orb of eyes!
The great orb of eyes bites you!
* * * LOW HITPOINT WARNING * * *
Unknown command.
Unknown command.
You feel much better. The great orb of eyes bites you!
* * * LOW HITPOINT WARNING * * *
Unknown command.
Unknown command.
As you read the scroll of teleportation, it crumbles to dust.
You feel strangely unstable.
The great orb of eyes closely misses you.
Unknown command.
Unknown command.
The great orb of eyes attacks as you move away!
The great orb of eyes bites you!
* * * LOW HITPOINT WARNING * * *
The great orb of eyes gazes at you.
Your mind is blasted!
Ouch! That really hurt!
You die...

#.......'.........)..
##.......##.......##..
#......)..#.......#...
##.......).##.....##...
#.....⌠.....#######....
##.........## ##...
#.........# #...
##.....).## ##..
#...@...# #.. ##.....##
##. ##G#### ##
##.....## #.......#
##.......## .
#.........# . ..
#.........## .# ...
#.....⌠.....# g## ....


You could see a great orb of eyes.

Vanquished Creatures
  An eye of devastation (Bailey)
  Prince Ribbit (D:5)
  Edmund (D:5)
  2 water moccasins
  7 orc warriors (Bailey)
  An ice beast (D:6)
  6 black bears
  An ogre (D:5)
  3 phantoms
  A bullfrog (D:6)
  4 scorpions
  2 orc priests
  3 hounds (D:5)
  A jelly (D:6)
  Jessica (D:2)
  2 iguanas
  3 orc wizards
  Robin (D:2)
  8 gnolls
  10 adders
  2 shadow imps (D:6)
  A white imp (D:6)
  An ufetubus (D:6)
  2 worms
  A dart slug (D:3)
  22 orcs
  7 bats
  3 endoplasms
  4 giant cockroaches
  27 goblins
  16 hobgoblins
  4 jackals
  6 kobolds
  3 quokkas
  4 ball pythons
  A frilled lizard (D:3)
  2 rats (D:1)
  A bush (D:4)
166 creatures vanquished.

Notes
Turn   | Place    | Note
-------+----------+-------------------------------------------
     0 | D:1      | drugrobin the Demigod Fighter began the quest for the Orb.
     0 | D:1      | Reached XP level 1. HP: 18/18 MP: 3/3
   105 | D:1      | Reached skill level 2 in Axes
   344 | D:1      | Reached XP level 2. HP: 25/25 MP: 4/4
   966 | D:2      | Noticed Robin
  1017 | D:1      | Reached XP level 3. HP: 19/31 MP: 5/5
  1018 | D:1      | Reached skill level 3 in Axes
  1136 | D:2      | Killed Robin
  1650 | D:2      | Noticed Jessica
  1659 | D:2      | Killed Jessica
  1660 | D:2      | Reached XP level 4. HP: 34/38 MP: 6/6
  1778 | D:2      | Identified the +2 pair of boots "Gafiafe" {rPois Int+2
                  | Stlth-}
  2078 | D:3      | Reached skill level 4 in Axes
  2263 | D:3      | Reached XP level 5. HP: 45/46 MP: 7/7
  2492 | D:4      | Noticed a black bear
  2494 | D:4      | Noticed a black bear
  2525 | D:3      | Killed a black bear
  2717 | D:4      | Reached skill level 5 in Axes
  2739 | D:4      | Reached XP level 6. HP: 52/52 MP: 8/8
  3347 | D:4      | HP: 2/53 [black bear (8)]
  3349 | D:4      | Reached skill level 6 in Axes
  3349 | D:4      | Reached XP level 7. HP: 3/60 MP: 9/9
  3995 | D:5      | Entered Level 5 of the Dungeon
  4033 | D:5      | Reached skill level 5 in Fighting
  4223 | D:5      | Noticed Prince Ribbit
  4317 | D:6      | Reached skill level 7 in Axes
  4719 | D:6      | Reached XP level 8. HP: 70/70 MP: 10/10
  5543 | D:5      | Reached skill level 8 in Axes
  5543 | D:5      | Noticed Edmund
  5557 | D:5      | Killed Edmund
  5643 | D:5      | Found a staircase to the Ecumenical Temple.
  5721 | D:5      | Killed Prince Ribbit
  6400 | D:5      | Reached skill level 9 in Axes
  6525 | D:7      | Found a flagged portal.
  6616 | Bailey   | Entered a bailey
  6647 | Bailey   | Reached XP level 9. HP: 68/79 MP: 11/11
  7009 | Bailey   | Noticed an orc knight
  7031 | Bailey   | Noticed an eye of devastation
  7031 | Bailey   | an orc knight changed into an eye of devastation
  7042 | Bailey   | HP: 3/79 [disintegration (35)]
  7047 | Bailey   | Killed an eye of devastation
  7048 | Bailey   | Reached skill level 1 in Evocations
  7603 | Bailey   | Reached skill level 10 in Axes
  8225 | Bailey   | HP: 1/71 [orc warrior/+0 broad axe (18)]
  8226 | Bailey   | Noticed an orc warlord
  8243 | Bailey   | Noticed a great orb of eyes
  8243 | Bailey   | an orc warlord changed into a great orb of eyes
  8246 | Bailey   | Blown up by a great orb of eyes

Illustrated notes

Levels and vault maps discovered:
D:1:      heliophobic_arrival_ceremonial_halls, layout_loops_corners
D:2:      layout_basic, uniq_jessica, uniq_robin
D:3:      layout_rooms
D:4:      layout_basic, trog_ov_bears_minmay, hangedman_abyss_or_decor_stabs
D:5:      minmay_chambers_of_threes, layout_rooms, temple_fountains,
          uniq_edmund, uniq_prince_ribbit1
D:6:      layout_basic
D:7:      layout_cave_pools, xom_teletrap_fun, enter_bailey_5, uniq_maggie
Bailey:   bailey_axe_minmay_hex_keep, bailey

Skill      XL: |  1  2  3  4  5  6  7  8  9 |
---------------+----------------------------+-----
Axes           | 2 3 4 5 6 7 9 10 | 10.3
Fighting       | 3 4 5 7 |  7.7
Evocations     | 2 |  2.6
Armour         | |  2.6
Shields        | |  2.6

Action                   |  1- 3 |  4- 6 |  7- 9 || total
-------------------------+-------+-------+-------++-------
Melee: War axe           |    80 |   170 |   249 ||   499
       Broad axe         |       |       |    79 ||    79
 Fire: Hunting sling     |       |     5 |     3 ||     8
Throw: Javelin           |       |     6 |     2 ||     8
       Dart              |       |    14 |    33 ||    47
       Boomerang         |       |       |    15 ||    15
Evoke: Wand              |       |       |     8 ||     8
  Use: Potion            |       |     1 |     4 ||     5
       Scroll            |       |       |     2 ||     2
Armor: Scale mail        |    20 |       |       ||    20
       Chain mail        |    31 |   101 |   188 ||   320
Dodge: Dodged            |    27 |    67 |   114 ||   208
Block: Buckler           |    21 |    31 |    70 ||   122

Table legend: (Time is in decaauts)
 A = Elapsed time spent in this place.
 B = Non-inter-level travel time spent in this place.
 C = Inter-level travel time spent in this place.
 D = Time resting spent in this place.
 E = Time spent auto-exploring this place.
 F = Levels seen in this place.
 G = Mean time per level.
                   A        B        C        D        E       F      G
               +--------+--------+--------+--------+--------+-----+--------+
         Total |   8394 |   8205 |    189 |   2301 |   3942 |   8 | 1049.2 |
       Dungeon |   6750 |   6561 |    189 |   1369 |   3637 |   7 |  964.3 |
        Bailey |   1643 |   1643 |      0 |    932 |    305 |   1 | 1643.0 |
               +--------+--------+--------+--------+--------+-----+--------+

Top non-repeatable levels by time:
  Bailey: 1643 daAuts
     D:5: 1501 daAuts
     D:4: 1467 daAuts
     D:1: 1153 daAuts
     D:6: 1082 daAuts
     D:3: 744 daAuts
     D:2: 730 daAuts
     D:7: 71 daAuts
